| TOP OF THE 1ST |
|
Grand Junction Rockies batting - Pitching for Kingsport Mets : RHP John Mason
|
|
Pitching: RHP John Mason
|
|
|
Batting: RHB Juan Figueroa
|
0-0: Called Strike 0-1: Swinging Strike 0-2: Foul Ball, location: 2F 0-2: Hit by Pitch
|
|
Batting: LHB Zack Guillen
|
0-0: Ball 1-0: Foul Ball, location: 2F 1-1: Called Strike Juan Figueroa steals 2nd base 1-2: Ball 2-2: 2-RUN HOME RUN (Line Drive, 9D, EV 95.6 MPH), Distance : 390 ft
|
|
Batting: RHB Willis Morales
|
0-0: Foul Ball, location: 2F 0-1: Ball 1-1: SINGLE (Line Drive, 34, EV 103.8 MPH)
|
|
Batting: SHB Jeff Sorrels
|
0-0: Called Strike 0-1: Foul Ball, location: 2F 0-2: Fly out, F6 (Popup, 6, EV 75.0 MPH)
|
|
Batting: RHB Ray Insley
|
0-0: Ball 1-0: Swinging Strike 1-1: Called Strike 1-2: Fly out, F8 (Flyball, 8RS, EV 92.5 MPH)
|
|
Batting: RHB John Stevenson
|
0-0: Called Strike Willis Morales steals 2nd, throwing error, E2 Willis Morales to third 0-1: Foul Ball, location: 2F 0-2: Foul Ball, location: 2F 0-2: Ground out U3 (Groundball, 34, EV 82.5 MPH)
|
| Top of the 1st over - 2 runs, 2 hits, 1 error, 1 left on base; Grand Junction 2 - Kingsport 0 |
| BOTTOM OF THE 1ST |
|
Kingsport Mets batting - Pitching for Grand Junction Rockies : LHP Steve Gilliam
|
|
Pitching: LHP Steve Gilliam
|
|
|
Batting: RHB John Jones
|
0-0: Ball 1-0: Ball 2-0: Foul Ball, location: 2F 2-1: Swinging Strike 2-2: Strikes out swinging
|
|
Batting: RHB Josh Jones
|
0-0: Ball 1-0: Ball 2-0: Foul Ball, location: 2F 2-1: Foul Ball, location: 2F 2-2: Foul Ball, location: 2F 2-2: Foul Ball, location: 2F 2-2: Ball 3-2: Strikes out swinging
|
|
Batting: RHB Kyle Holland
|
0-0: Ball 1-0: Called Strike 1-1: Ball 2-1: Ball 3-1: Foul Ball, location: 2F 3-2: Base on Balls
|
|
Batting: RHB Steve Page
|
0-0: Ball 1-0: Swinging Strike 1-1: Ball 2-1: Ball 3-1: Foul Ball, location: 2F 3-2: 2-RUN HOME RUN (Flyball, 7LD, EV 95.6 MPH), Distance : 352 ft
|
|
Batting: SHB Callum Lynch
|
0-0: Ground out 6-3 (Groundball, 56, EV 96.9 MPH)
|
| Bottom of the 1st over - 2 runs, 1 hit, 0 errors, 0 left on base; Grand Junction 2 - Kingsport 2 |
| TOP OF THE 2ND |
|
Grand Junction Rockies batting - Pitching for Kingsport Mets : RHP John Mason
|
|
Batting: SHB Jamie Mims
|
0-0: Called Strike 0-1: Foul Ball, location: 2F 0-2: Ball 1-2: Ball 2-2: Foul Ball, location: 2F 2-2: Fly out, F4 (Popup, 4M, EV 51.9 MPH)
|
|
Batting: LHB Michael Krott
|
0-0: Foul Ball, location: 2F 0-1: Swinging Strike 0-2: Strikes out swinging
|
|
Batting: RHB Yamashita Yagi
|
0-0: SINGLE (Groundball, 56S, EV 74.4 MPH) (infield hit)
|
|
Batting: RHB Juan Figueroa
|
0-0: Foul Ball, location: 2F 0-1: Fly out, F8 (Flyball, 8LD, EV 101.3 MPH)
|
| Top of the 2nd over - 0 runs, 1 hit, 0 errors, 1 left on base; Grand Junction 2 - Kingsport 2 |
| BOTTOM OF THE 2ND |
|
Kingsport Mets batting - Pitching for Grand Junction Rockies : LHP Steve Gilliam
|
|
Batting: RHB Danny Runberg
|
0-0: Ball 1-0: Ball 2-0: Fly out, F8 (Line Drive, 8LD, EV 91.9 MPH)
|
|
Batting: RHB Frank Shaw
|
0-0: Swinging Strike 0-1: Ball 1-1: Ball 2-1: Ball 3-1: Called Strike 3-2: SOLO HOME RUN (Flyball, 7LD, EV 92.5 MPH), Distance : 339 ft
|
|
Pitching: RHP Jim Micaletti
|
|
|
Batting: RHB Jack Nickleberry
|
0-0: Ball 1-0: Foul Ball, location: 2F 1-1: Ball 2-1: Foul Ball, location: 2F 2-2: Foul Ball, location: 2F 2-2: Ground out 3-1 (Groundball, 34, EV 90.6 MPH)
|
|
Batting: SHB Alec Taylor
|
0-0: Ball 1-0: Ball 2-0: DOUBLE (Flyball, 78D, EV 96.3 MPH)
|
|
Batting: RHB John Jones
|
0-0: Ball 1-0: Ball 2-0: Called Strike 2-1: Ball Wild Pitch! Alec Taylor to third 3-1: Swinging Strike 3-2: Base on Balls
|
|
Batting: RHB Josh Jones
|
0-0: Ball 1-0: Called Strike 1-1: SINGLE (Line Drive, 6MD, EV 102.5 MPH) Alec Taylor scores John Jones to second
|
|
Batting: RHB Kyle Holland
|
0-0: Called Strike 0-1: Ball 1-1: Ball 2-1: Swinging Strike 2-2: Ball 3-2: Ground out 4-3 (Groundball, 4MD, EV 83.8 MPH)
|
| Bottom of the 2nd over - 2 runs, 3 hits, 0 errors, 2 left on base; Grand Junction 2 - Kingsport 4 |
| TOP OF THE 3RD |
|
Grand Junction Rockies batting - Pitching for Kingsport Mets : RHP John Mason
|
|
Batting: LHB Zack Guillen
|
0-0: Called Strike 0-1: Ball 1-1: Swinging Strike 1-2: Foul Ball, location: 2F 1-2: Strikes out swinging, 2-3 out at first.
|
|
Batting: RHB Willis Morales
|
0-0: Called Strike 0-1: Called Strike 0-2: Ball 1-2: SINGLE (Line Drive, 56D, EV 109.4 MPH)
|
|
Batting: SHB Jeff Sorrels
|
0-0: Ball Willis Morales is caught stealing 2nd base 2-6 1-0: Ball 2-0: SINGLE (Groundball, 34D, EV 96.3 MPH)
|
|
Batting: RHB Ray Insley
|
0-0: Ground out 5-3 (Groundball, P, EV 86.3 MPH)
|
| Top of the 3rd over - 0 runs, 2 hits, 0 errors, 1 left on base; Grand Junction 2 - Kingsport 4 |
| BOTTOM OF THE 3RD |
|
Kingsport Mets batting - Pitching for Grand Junction Rockies : RHP Jim Micaletti
|
|
Batting: RHB Steve Page
|
0-0: Called Strike 0-1: Ground out 1-3 (Groundball, 13S, EV 71.3 MPH)
|
|
Batting: SHB Callum Lynch
|
0-0: DOUBLE (Line Drive, 7LM, EV 105.0 MPH)
|
|
Batting: RHB Danny Runberg
|
0-0: Called Strike 0-1: Swinging Strike 0-2: Strikes out swinging
|
|
Batting: RHB Frank Shaw
|
0-0: Ball 1-0: Ball 2-0: Ball 3-0: Base on Balls
|
|
Batting: RHB Jack Nickleberry
|
0-0: SINGLE (Line Drive, 56, EV 108.1 MPH) Callum Lynch to third Frank Shaw to second Runner from 3rd tries for Home, SAFE, throw by LF to home
|
|
Batting: SHB Alec Taylor
|
0-0: Ball 1-0: Ball 2-0: Called Strike 2-1: Ball 3-1: Fly out, F3 (Popup, 3SF, EV 69.4 MPH)
|
| Bottom of the 3rd over - 1 run, 2 hits, 0 errors, 2 left on base; Grand Junction 2 - Kingsport 5 |
| TOP OF THE 4TH |
|
Grand Junction Rockies batting - Pitching for Kingsport Mets : RHP John Mason
|
|
Batting: RHB John Stevenson
|
0-0: Called Strike 0-1: Swinging Strike 0-2: Strikes out swinging
|
|
Batting: SHB Jamie Mims
|
0-0: Ball 1-0: Called Strike 1-1: Foul Ball, location: 2F 1-2: Foul Ball, location: 2F 1-2: SINGLE (Groundball, 34D, EV 97.5 MPH)
|
|
Batting: LHB Michael Krott
|
0-0: Ball Jamie Mims is caught stealing 2nd base 2-6 1-0: Foul Ball, location: 2F 1-1: Swinging Strike 1-2: Strikes out looking
|
| Top of the 4th over - 0 runs, 1 hit, 0 errors, 0 left on base; Grand Junction 2 - Kingsport 5 |
| BOTTOM OF THE 4TH |
|
Kingsport Mets batting - Pitching for Grand Junction Rockies : RHP Jim Micaletti
|
|
Batting: RHB John Jones
|
0-0: Ball 1-0: Ball 2-0: Ground out U3 (Groundball, 3S, EV 87.5 MPH)
|
|
Batting: RHB Josh Jones
|
0-0: Ball 1-0: Called Strike 1-1: Ball 2-1: DOUBLE (Groundball, 3L, EV 103.8 MPH)
|
|
Batting: RHB Kyle Holland
|
0-0: Called Strike Josh Jones steals 3rd base 0-1: Fly out, F8 (Line Drive, 8RM, EV 97.5 MPH)
|
|
Batting: RHB Steve Page
|
0-0: Ball 1-0: Called Strike 1-1: Called Strike 1-2: Ground out 5-3 (Groundball, 56, EV 89.4 MPH)
|
| Bottom of the 4th over - 0 runs, 1 hit, 0 errors, 1 left on base; Grand Junction 2 - Kingsport 5 |
| TOP OF THE 5TH |
|
Grand Junction Rockies batting - Pitching for Kingsport Mets : RHP John Mason
|
|
Batting: RHB Yamashita Yagi
|
0-0: Called Strike 0-1: Ground out 5-3 (Groundball, 5L, EV 84.4 MPH)
|
|
Batting: RHB Juan Figueroa
|
0-0: Ball 1-0: SINGLE (Groundball, 4M, EV 102.5 MPH) (infield hit)
|
|
Batting: LHB Zack Guillen
|
0-0: Called Strike 0-1: Ball Juan Figueroa is caught stealing 2nd base 2-6 1-1: Ball 2-1: Ball 3-1: Called Strike 3-2: SOLO HOME RUN (Flyball, 7D, EV 94.4 MPH), Distance : 368 ft
|
|
Batting: RHB Willis Morales
|
0-0: Ball 1-0: SINGLE (Groundball, 34D, EV 95.0 MPH)
|
|
Batting: SHB Jeff Sorrels
|
0-0: Ball Willis Morales is caught stealing 2nd base 2-6
|
| Top of the 5th over - 1 run, 3 hits, 0 errors, 0 left on base; Grand Junction 3 - Kingsport 5 |
| BOTTOM OF THE 5TH |
|
Kingsport Mets batting - Pitching for Grand Junction Rockies : RHP Jim Micaletti
|
|
Batting: SHB Callum Lynch
|
0-0: Fly out, F8 (Flyball, 8RXD, EV 103.8 MPH)
|
|
Batting: RHB Danny Runberg
|
0-0: SOLO HOME RUN (Flyball, 7LD, EV 91.3 MPH), Distance : 339 ft
|
|
Batting: RHB Frank Shaw
|
0-0: Ball 1-0: Ball 2-0: Ball 3-0: Called Strike 3-1: Called Strike 3-2: Ground out 6-3 (Groundball, 56, EV 103.1 MPH)
|
|
Pitching: RHP Josh Lofgreen
|
|
|
Batting: RHB Jack Nickleberry
|
0-0: Ball 1-0: Ground out 6-3 (Groundball, 6M, EV 84.4 MPH)
|
| Bottom of the 5th over - 1 run, 1 hit, 0 errors, 0 left on base; Grand Junction 3 - Kingsport 6 |
| TOP OF THE 6TH |
|
Grand Junction Rockies batting - Pitching for Kingsport Mets : RHP John Mason
|
|
Batting: SHB Jeff Sorrels
|
0-0: Called Strike 0-1: Ball 1-1: Foul Ball, location: 2F 1-2: Ball 2-2: Foul Ball, location: 2F 2-2: Ball 3-2: Strikes out swinging
|
|
Batting: RHB Ray Insley
|
0-0: Ball 1-0: Ground out 5-3 (Groundball, 56, EV 98.1 MPH)
|
|
Batting: RHB John Stevenson
|
0-0: Called Strike 0-1: Swinging Strike 0-2: Foul Ball, location: 2F 0-2: Foul Ball, location: 2F 0-2: Ground out 6-3 (Groundball, 6, EV 86.9 MPH)
|
| Top of the 6th over - 0 runs, 0 hits, 0 errors, 0 left on base; Grand Junction 3 - Kingsport 6 |
| BOTTOM OF THE 6TH |
|
Kingsport Mets batting - Pitching for Grand Junction Rockies : RHP Josh Lofgreen
|
|
Batting: SHB Alec Taylor
|
0-0: Swinging Strike 0-1: TRIPLE (Line Drive, 89XD, EV 109.4 MPH)
|
|
Batting: RHB John Jones
|
0-0: Ball 1-0: Ball Wild Pitch! Alec Taylor scores 2-0: Ball 3-0: Base on Balls
|
|
Batting: RHB Josh Jones
|
0-0: Ball John Jones steals 2nd base 1-0: Ball 2-0: Called Strike 2-1: Ball 3-1: Foul Ball, location: 2F 3-2: Ground out 5-3 (Groundball, 25, EV 86.3 MPH)
|
|
Batting: RHB Kyle Holland
|
0-0: Fly out, F3 (Popup, 3SF, EV 80.0 MPH)
|
|
Batting: RHB Steve Page
|
0-0: Ball 1-0: Ball 2-0: Ball 3-0: Base on Balls
|
|
Batting: SHB Callum Lynch
|
0-0: Ground out 5-3 (Groundball, 56S, EV 84.4 MPH)
|
| Bottom of the 6th over - 1 run, 1 hit, 0 errors, 2 left on base; Grand Junction 3 - Kingsport 7 |
| TOP OF THE 7TH |
|
Grand Junction Rockies batting - Pitching for Kingsport Mets : RHP John Mason
|
|
Batting: SHB Jamie Mims
|
0-0: Called Strike 0-1: Called Strike 0-2: Foul Ball, location: 2F 0-2: Ball 1-2: Ground out 6-3 (Groundball, 6M, EV 91.9 MPH)
|
|
Batting: LHB Michael Krott
|
0-0: Swinging Strike 0-1: TRIPLE (Flyball, 89XD, EV 93.8 MPH)
|
|
Batting: RHB Yamashita Yagi
|
0-0: Called Strike 0-1: Foul Ball, location: 2F 0-2: Foul Ball, location: 2F 0-2: Ball 1-2: Ball 2-2: Ball 3-2: Strikes out swinging
|
|
Pitching: LHP Tony Diaz
|
|
|
Batting: RHB Juan Figueroa
|
0-0: Foul Ball, location: 2F 0-1: Foul Ball, location: 2F 0-2: Strikes out swinging
|
| Top of the 7th over - 0 runs, 1 hit, 0 errors, 1 left on base; Grand Junction 3 - Kingsport 7 |
| BOTTOM OF THE 7TH |
|
Kingsport Mets batting - Pitching for Grand Junction Rockies : RHP Josh Lofgreen
|
|
Batting: RHB Danny Runberg
|
0-0: Ball 1-0: Ball 2-0: Fly out, F9 (Flyball, 9D, EV 98.8 MPH)
|
|
Batting: RHB Frank Shaw
|
0-0: Called Strike 0-1: Foul Ball, location: 2F 0-2: Ball 1-2: Ground out 4-3 (Groundball, 4, EV 87.5 MPH)
|
|
Batting: RHB Jack Nickleberry
|
0-0: Ball 1-0: Ball 2-0: Called Strike 2-1: Ball 3-1: Base on Balls
|
|
Batting: SHB Alec Taylor
|
0-0: Called Strike 0-1: Ball 1-1: Ball 2-1: Ball Jack Nickleberry steals 2nd base 3-1: Base on Balls
|
|
Batting: RHB John Jones
|
0-0: Ball 1-0: Foul Ball, location: 2F 1-1: Ball 2-1: Foul Ball, location: 2F 2-2: Ball 3-2: Base on Balls Jack Nickleberry to third Alec Taylor to second
|
|
Batting: RHB Josh Jones
|
0-0: Ball 1-0: Swinging Strike 1-1: Fielders Choice at 2nd, 6-4 (Groundball, 56, EV 106.9 MPH)
|
| Bottom of the 7th over - 0 runs, 0 hits, 0 errors, 3 left on base; Grand Junction 3 - Kingsport 7 |
| TOP OF THE 8TH |
|
Grand Junction Rockies batting - Pitching for Kingsport Mets : LHP Tony Diaz
|
|
Pitching: RHP Danny Helm
|
|
|
Batting: LHB Zack Guillen
|
0-0: Foul Ball, location: 3F, Error on foul ball, E3 0-1: Foul Ball, location: 2F 0-2: Ball 1-2: Ball 2-2: Foul Ball, location: 2F 2-2: Ball 3-2: Base on Balls
|
|
Batting: RHB Willis Morales
|
0-0: Foul Ball, location: 2F 0-1: 2-RUN HOME RUN (Flyball, 7D, EV 95.0 MPH), Distance : 381 ft
|
|
Batting: SHB Jeff Sorrels
|
0-0: Called Strike 0-1: Ball 1-1: Ground out 6-3 (Groundball, 6M, EV 105.0 MPH)
|
|
Pinch Hitting: LHB Luke Coulter
|
0-0: Swinging Strike 0-1: Ball 1-1: Called Strike 1-2: Foul Ball, location: 2F 1-2: Ball 2-2: SINGLE (Groundball, 23, EV 71.9 MPH) (infield hit)
|
|
Pinch Hitting: LHB Chris Salim
|
0-0: Ball 1-0: Ball 2-0: Foul Ball, location: 2F 2-1: Ball 3-1: Base on Balls Luke Coulter to second
|
|
Pitching: RHP Thomas Clark
|
|
|
Batting: SHB Jamie Mims
|
0-0: Fielders Choice at 2nd, 1-6 (Groundball, 23, EV 64.4 MPH) Luke Coulter to third
|
|
Batting: LHB Michael Krott
|
0-0: Swinging Strike 0-1: SINGLE (Groundball, 4D, EV 98.8 MPH) Luke Coulter scores Jamie Mims to second
|
|
Batting: RHB Yamashita Yagi
|
0-0: Fielders Choice at 2nd, 6-4 (Groundball, 6, EV 77.5 MPH)
|
| Top of the 8th over - 3 runs, 3 hits, 1 error, 2 left on base; Grand Junction 6 - Kingsport 7 |
| BOTTOM OF THE 8TH |
|
Kingsport Mets batting - Pitching for Grand Junction Rockies : RHP Josh Lofgreen
|
|
Now at 3B: Willie Benito
|
|
|
Now in LF: Chris Salim
|
|
|
Now in CF: Michael Krott
|
|
|
Batting: RHB Kyle Holland
|
0-0: Ball 1-0: Ground out 6-3 (Groundball, 6, EV 102.5 MPH)
|
|
Batting: RHB Steve Page
|
0-0: Called Strike 0-1: Ball 1-1: Ball 2-1: Ball 3-1: Base on Balls
|
|
Batting: SHB Callum Lynch
|
0-0: Ball 1-0: Swinging Strike 1-1: Ball 2-1: Foul Ball, location: 2F 2-2: Ball 3-2: Foul Ball, location: 2F 3-2: SINGLE (Line Drive, 34, EV 103.1 MPH) Steve Page to second
|
|
Batting: RHB Danny Runberg
|
0-0: Ball 1-0: 3-RUN HOME RUN (Flyball, 7LD, EV 93.1 MPH), Distance : 337 ft
|
|
Pitching: LHP Jason Ryan
|
|
|
Batting: RHB Frank Shaw
|
0-0: Ball 1-0: Ball 2-0: Ball 3-0: Called Strike 3-1: Base on Balls
|
|
Batting: RHB Jack Nickleberry
|
0-0: Foul Ball, location: 2F 0-1: Fly out, F5 (Popup, 25, EV 80.0 MPH)
|
|
Batting: SHB Alec Taylor
|
0-0: Ball 1-0: Ball 2-0: Ball 3-0: Base on Balls Frank Shaw to second
|
|
Batting: RHB John Jones
|
0-0: Swinging Strike 0-1: Ball Wild Pitch! Frank Shaw to third Alec Taylor to second 1-1: Ball 2-1: Called Strike 2-2: Strikes out looking
|
| Bottom of the 8th over - 3 runs, 2 hits, 0 errors, 2 left on base; Grand Junction 6 - Kingsport 10 |
| TOP OF THE 9TH |
|
Grand Junction Rockies batting - Pitching for Kingsport Mets : RHP Thomas Clark
|
|
Pitching: LHP Mike Mathews
|
|
|
Batting: RHB Juan Figueroa
|
0-0: Ball 1-0: Ball 2-0: Ball 3-0: Called Strike 3-1: Foul Ball, location: 2F 3-2: DOUBLE (Line Drive, 89M, EV 108.1 MPH)
|
|
Batting: LHB Zack Guillen
|
0-0: Called Strike 0-1: Ball 1-1: Foul Ball, location: 2F 1-2: Strikes out swinging
|
|
Batting: RHB Willis Morales
|
0-0: Foul Ball, location: 2F 0-1: Ball 1-1: Foul Ball, location: 2F 1-2: Ball 2-2: Foul Ball, location: 2F 2-2: Foul Ball, location: 2F 2-2: Ball 3-2: Fly out, F8 (Flyball, 8RXD, EV 86.9 MPH) Runner from 2nd tags up, SAFE at 3rd, no throw by CF
|
|
Batting: SHB Jeff Sorrels
|
0-0: Ball 1-0: Called Strike 1-1: Ground out 6-3 (Groundball, 6S, EV 79.4 MPH)
|
| Top of the 9th over - 0 runs, 1 hit, 0 errors, 1 left on base; Grand Junction 6 - Kingsport 10 |
|